 Dungeon Crawl Stone Soup version 0.28-a0-1447-ga5a8893891 (webtiles) character file.

Game seed: 15051244224298832771

8 HallandMoats the Skirmisher (level 2, 0/24 HPs)
             Began as a Demonspawn Fighter on Jan 11, 2022.
             Slain by a jackal (3 damage)
             ... on level 2 of the Dungeon.
             The game lasted 00:00:22 (302 turns).

HallandMoats the Skirmisher (Demonspawn Fighter)     Turns: 302, Time: 00:00:23

Health: 0/24       AC:  6    Str: 16    XL:     2   Next: 0%
Magic:  2/2        EV:  8    Int:  9    God:
Gold:   0          SH:  4    Dex: 12    Spells: 1/1 levels left

rFire   . . .      SeeInvis .   a - +0 war axe
rCold   . . .      Faith    .   c - +0 buckler
rNeg    . . .      Spirit   .   b - +0 scale mail
rPois   .          Reflect  .   (no helmet)
rElec   .          Harm     .   (no cloak)
rCorr   .          Rampage  .   (no gloves)
Will    .....                   (no boots)
Stlth   ..........              (no amulet)
HPRegen 0.08/turn               (no ring)
MPRegen 0.08/turn               (no ring)

@: no status effects
A: demonic magic 1
a: no special abilities


You were on level 2 of the Dungeon.
You visited 1 branch of the dungeon, and saw 2 of its levels.

Inventory:

Hand Weapons
 a - a +0 war axe (weapon)
Armour
 b - a +0 scale mail (worn)
 c - a +0 buckler (worn)
Potions
 d - a potion of might
 e - a potion of attraction {unknown}


   Skills:
 * Level 3.2 Fighting
 * Level 2.0 Axes
 + Level 2.7 Armour
 + Level 0.2 Dodging
 + Level 2.7 Shields


You had one spell level left.
You didn't know any spells.
Your spell library was empty.

Dungeon Overview and Level Annotations

Branches:
Dungeon (1/15)

Altars:


Innate Abilities, Weirdness & Mutations

Spells you cast may paralyse adjacent enemies.


Message History

The jackal bites you but does no damage.
The jackal barely misses you. x2
The jackal bites you but does no damage.
The jackal closely misses you. The jackal barely misses you. x2
The jackal bites you. The jackal barely misses you.
You block the jackal's attack. The jackal bites you.
The jackal barely misses you. x2
You block the jackal's attack. The jackal closely misses you.
The jackal bites you. x2
The jackal bites you.
* * * LOW HITPOINT WARNING * * *
The jackal bites you but does no damage.
The jackal closely misses you.
The jackal bites you but does no damage.
The jackal bites you but does no damage.
The jackal closely misses you.
The jackal bites you but does no damage. x2
The jackal bites you but does no damage. x2
The jackal bites you but does no damage. x3
The jackal bites you.
* * * LOW HITPOINT WARNING * * *
The jackal bites you but does no damage.
You block the jackal's attack.
The jackal bites you but does no damage. x2
The jackal bites you but does no damage.
The jackal barely misses you. x2; The jackal bites you.
* * * LOW HITPOINT WARNING * * *
The jackal bites you but does no damage.
The jackal bites you.
* * * LOW HITPOINT WARNING * * *
The jackal bites you but does no damage.
You block the jackal's attack. The jackal barely misses you.
The jackal bites you but does no damage.
The jackal bites you but does no damage.
The jackal closely misses you. The jackal bites you.
* * * LOW HITPOINT WARNING * * *
The jackal bites you.
You die...

#..########
#..........
#.#########
#.#
##.########
#......(<..
#.#.#######
#.#.# #.#@#
#.#hhh.#
#.#lSh.....
..#....#...
..###..# ..
[.# ...
..##


You could see an adder, 4 jackals and a frilled lizard.

Vanquished Creatures
  A dart slug (D:1)
  A ball python (D:1)
  2 jackals (D:1)
  A quokka (D:1)
5 creatures vanquished.

Notes
Turn   | Place    | Note
-------+----------+-------------------------------------------
     0 | D:1      | HallandMoats the Demonspawn Fighter began the quest for the
                  | Orb.
     0 | D:1      | Reached XP level 1. HP: 18/18 MP: 1/1
   103 | D:1      | Gained mutation: Spells you cast may paralyse adjacent
                  | enemies. [demonic ancestry]
   103 | D:1      | Reached XP level 2. HP: 12/24 MP: 2/2
   246 | D:1      | You fall into a shaft and drop 1 floor!
   302 | D:2      | Slain by a jackal

Illustrated notes

Levels and vault maps discovered:
D:1:      mrwooster_arrival_statue, layout_loops_cross
D:2:      layout_loops_ring, serial_bayou_pond_e, chequers_serial_rivers_small_3

Skill      XL: |  1 |
---------------+----+-----
Axes           | 2 |  2.0
Fighting       | |  3.2
Armour         | |  2.7
Dodging        | |  0.2
Shields        | |  2.7

Action                   || total
-------------------------++-------
Melee: War axe           ||    11
Armor: Scale mail        ||    56
Dodge: Dodged            ||    35
Block: Buckler           ||    18

Table legend: (Time is in decaauts)
 A = Elapsed time spent in this place.
 B = Non-inter-level travel time spent in this place.
 C = Inter-level travel time spent in this place.
 D = Time resting spent in this place.
 E = Time spent auto-exploring this place.
 F = Levels seen in this place.
 G = Mean time per level.
                   A        B        C        D        E       F      G
               +--------+--------+--------+--------+--------+-----+--------+
         Total |    306 |    306 |      0 |      0 |    238 |   2 |  153.0 |
       Dungeon |    306 |    306 |      0 |      0 |    238 |   2 |  153.0 |
               +--------+--------+--------+--------+--------+-----+--------+

Top non-repeatable levels by time:
     D:1: 250 daAuts
     D:2: 55 daAuts
